[ AOE2 MATCH · #479992708 ]
Team RMLithuanians vs Teutons
[ REPLAY ANALYSIS · EXTRACTED FROM THE RECORDED GAME ]
Feudal
10:16
Castle
19:36
Imperial
—
| APM avg | 32.4 |
| APM peak | 81 |
| eAPM avg | 10.4 |
| Villagers / military | 43 / 17 |
Focus
⚔️ 19.4% · 🌾 80.6%
Knight ×9 · Scout Cavalry ×7 · Monk ×1
Feudal
11:13
Castle
19:23
Imperial
—
| APM avg | 11.0 |
| APM peak | 25 |
| eAPM avg | 7.3 |
| Villagers / military | 40 / 20 |
Focus
⚔️ 18.8% · 🌾 81.2%
Militia ×15 · Spearman ×5
Feudal
13:22
Castle
24:22
Imperial
—
| APM avg | 17.2 |
| APM peak | 49 |
| eAPM avg | 12.3 |
| Villagers / military | 66 / 22 |
Focus
⚔️ 14.4% · 🌾 85.6%
Spearman ×22
Feudal
11:57
Castle
17:12
Imperial
—
| APM avg | 11.9 |
| APM peak | 36 |
| eAPM avg | 7.4 |
| Villagers / military | 85 / 7 |
Focus
⚔️ 6.9% · 🌾 93.1%
Camel Scout ×5 · Spearman ×2
Feudal
10:11
Castle
21:22
Imperial
—
| APM avg | 14.4 |
| APM peak | 44 |
| eAPM avg | 8.7 |
| Villagers / military | 38 / 19 |
Focus
⚔️ 28.0% · 🌾 72.0%
Scout Cavalry ×9 · Knight ×7 · Spearman ×3
Feudal
13:14
Castle
20:42
Imperial
—
| APM avg | 12.2 |
| APM peak | 35 |
| eAPM avg | 5.9 |
| Villagers / military | 47 / 7 |
Focus
⚔️ 15.5% · 🌾 84.5%
Spearman ×7
Feudal
11:51
Castle
22:55
Imperial
—
| APM avg | 33.9 |
| APM peak | 67 |
| eAPM avg | 10.0 |
| Villagers / military | 52 / 5 |
Focus
⚔️ 14.1% · 🌾 85.9%
Scout Cavalry ×5
Feudal
12:09
Castle
—
Imperial
—
| APM avg | 13.7 |
| APM peak | 47 |
| eAPM avg | 7.1 |
| Villagers / military | 43 / 4 |
Focus
⚔️ 17.1% · 🌾 82.9%
Spearman ×4
Match map
Resources at game start + every placement click. Thick line = wall · dashed box = detected house wall. 🟡 gold · ⚪ stone · 🟢 berries · 🔶 boar · ⭕ relic
Inputs per minute
— gazza17 - - Pestilenz666
Build order — gazza17
119 actions detected in the replay
| 0:05 | Create | Villager (Male) |
| 0:05 | Create | Villager (Male) |
| 0:05 | Create | Villager (Male) |
| 0:06 | Create | Villager (Male) |
| 0:06 | Create | Villager (Male) |
| 0:08 | Build | House |
| 0:12 | Build | House |
| 0:13 | Create | Villager (Male) |
| 1:28 | Create | Villager (Male) |
| 2:02 | Build | Lumber Camp |
| 2:14 | Create | Villager (Male) |
| 2:15 | Create | Villager (Male) |
| 2:27 | Create | Villager (Male) |
| 3:33 | Build | House |
| 3:34 | Create | Villager (Male) |
| 3:35 | Create | Villager (Male) |
| 3:52 | Create | Villager (Male) |
| 3:57 | Build | Mill |
| 3:59 | Create | Villager (Male) |
| 3:59 | Create | Villager (Male) |
| 4:54 | Create | Villager (Male) |
| 4:54 | Create | Villager (Male) |
| 5:33 | Create | Villager (Male) |
| 6:03 | Build | House |
| 6:14 | Create | Villager (Male) |
| 6:32 | Build | Barracks |
| 6:36 | Create | Villager (Male) |
| 7:16 | Create | Villager (Male) |
| 7:38 | Research | Loom |
| 7:59 | Research | Feudal Age |
| 8:05 | Build | Mining Camp |
| 9:07 | Create | Villager (Male) |
| 9:55 | Build | Farm |
| 9:58 | Build | Farm |
| 10:02 | Build | Farm |
| 10:16 | Age | Feudal Age |
| 10:20 | Build | Farm |
| 10:24 | Create | Villager (Male) |
| 10:24 | Create | Villager (Male) |
| 10:44 | Build | Stable |
| 10:50 | Create | Villager (Male) |
| 10:50 | Create | Villager (Male) |
| 11:02 | Build | House |
| 11:51 | Build | Blacksmith |
| 11:58 | Build | Farm |
| 12:00 | Build | Farm |
| 12:05 | Build | Farm |
| 12:17 | Research | Double-Bit Axe |
| 12:28 | Create | Villager (Male) |
| 12:32 | Create | Scout Cavalry |
| 12:33 | Create | Scout Cavalry |
| 12:58 | Build | Farm |
| 13:00 | Build | Farm |
| 13:16 | Build | Farm |
| 13:21 | Build | Farm |
| 13:24 | Create | Villager (Male) |
| 13:24 | Create | Villager (Male) |
| 13:33 | Build | House |
| 13:36 | Build | House |
| 13:45 | Research | Forging |
| 13:46 | Research | Scale Barding Armor |
| 13:52 | Research | Bloodlines |
| 14:52 | Create | Villager (Male) |
| 14:53 | Create | Villager (Male) |
| 14:55 | Build | Farm |
| 15:00 | Build | Farm |
| 15:06 | Build | Farm |
| 15:07 | Build | Farm |
| 15:08 | Build | Farm |
| 15:10 | Build | Farm |
| 16:26 | Build | Farm |
| 16:29 | Build | Farm |
| 16:56 | Research | Castle Age |
| 17:20 | Build | Palisade Gate |
| 17:48 | Build | Building 800 |
| 17:55 | Build | Palisade Wall |
| 18:04 | Build | Palisade Wall |
| 18:20 | Build | House |
| 18:22 | Build | House |
| 18:33 | Build | House |
| 18:34 | Build | House |
| 18:43 | Create | Villager (Male) |
| 18:43 | Create | Villager (Male) |
| 18:45 | Research | Gold Mining |
| 18:48 | Research | Horse Collar |
| 19:13 | Create | Villager (Male) |
| 19:13 | Create | Villager (Male) |
| 19:36 | Age | Castle Age |
| 19:40 | Create | Knight |
| 19:40 | Create | Knight |
| 19:43 | Research | Husbandry |
| 19:52 | Build | Monastery |
| 19:59 | Create | Villager (Male) |
| 20:00 | Create | Villager (Male) |
| 20:14 | Research | Chain Barding Armor |
| 21:08 | Build | House |
| 21:14 | Create | Monk |
| 21:30 | Create | Villager (Male) |
| 21:30 | Create | Villager (Male) |
| 21:33 | Create | Scout Cavalry |
| 21:33 | Create | Scout Cavalry |
| 21:33 | Create | Scout Cavalry |
| 21:34 | Create | Scout Cavalry |
| 21:39 | Create | Knight ×2 |
| 21:39 | Create | Knight ×2 |
| 22:56 | Build | University |
| 22:59 | Build | House |
| 23:43 | Create | Knight |
| 23:44 | Create | Knight |
| 23:44 | Create | Knight |
| 23:55 | Create | Scout Cavalry |
| 23:55 | Create | Villager (Male) |
| 23:55 | Create | Villager (Male) |
| 23:55 | Create | Villager (Male) |
| 23:56 | Create | Villager (Male) |
| 24:20 | Build | Palisade Wall |
| 24:23 | Build | Palisade Wall |
| 24:25 | Build | Palisade Wall |
| 24:38 | Build | Palisade Wall |
Build order — Pestilenz666
115 actions detected in the replay
| 0:05 | Build | House |
| 0:10 | Build | House |
| 0:39 | Research | Loom |
| 0:41 | Create | Villager (Male) |
| 0:41 | Create | Villager (Male) |
| 0:41 | Create | Villager (Male) |
| 0:41 | Create | Villager (Male) |
| 0:42 | Create | Villager (Male) |
| 1:54 | Create | Villager (Male) |
| 2:39 | Create | Villager (Male) |
| 2:40 | Create | Villager (Male) |
| 3:03 | Build | Lumber Camp |
| 3:19 | Create | Villager (Male) |
| 3:20 | Create | Villager (Male) |
| 3:45 | Create | Villager (Male) |
| 3:45 | Create | Villager (Male) |
| 3:45 | Create | Villager (Male) |
| 4:02 | Create | Villager (Male) |
| 4:02 | Create | Villager (Male) |
| 4:18 | Build | House |
| 4:31 | Create | Villager (Male) |
| 4:33 | Create | Villager (Male) |
| 4:33 | Create | Villager (Male) |
| 5:16 | Create | Villager (Male) |
| 5:16 | Create | Villager (Male) |
| 5:48 | Create | Villager (Male) |
| 5:49 | Create | Villager (Male) |
| 6:20 | Build | House |
| 6:27 | Create | Villager (Male) |
| 6:58 | Build | Mill |
| 7:48 | Create | Villager (Male) |
| 7:48 | Create | Villager (Male) |
| 7:49 | Create | Villager (Male) |
| 8:59 | Research | Feudal Age |
| 9:19 | Build | Mining Camp |
| 9:32 | Build | Farm |
| 9:37 | Build | Farm |
| 9:48 | Build | Farm |
| 10:19 | Build | House |
| 10:31 | Build | Farm |
| 10:39 | Build | Farm |
| 10:48 | Build | Farm |
| 11:13 | Age | Feudal Age |
| 11:16 | Build | House |
| 11:20 | Create | Villager (Male) |
| 11:21 | Create | Villager (Male) |
| 11:21 | Create | Villager (Male) |
| 11:21 | Create | Villager (Male) |
| 11:22 | Create | Villager (Male) |
| 11:22 | Create | Villager (Male) |
| 11:37 | Build | Blacksmith |
| 11:52 | Build | Farm |
| 12:06 | Build | Farm |
| 12:12 | Build | Farm |
| 12:17 | Build | Farm |
| 12:21 | Research | Double-Bit Axe |
| 12:27 | Research | Horse Collar |
| 12:42 | Build | Farm |
| 13:07 | Build | Lumber Camp |
| 13:19 | Create | Villager (Male) |
| 13:19 | Create | Villager (Male) |
| 13:20 | Create | Villager (Male) |
| 13:20 | Create | Villager (Male) |
| 14:19 | Create | Villager (Male) |
| 14:21 | Create | Villager (Male) |
| 14:33 | Build | Market |
| 15:08 | Build | Barracks |
| 15:48 | Build | Barracks |
| 16:23 | Build | Lumber Camp |
| 16:43 | Research | Castle Age |
| 16:58 | Build | Mining Camp |
| 17:14 | Research | Man-at-Arms (upgrade) |
| 17:18 | Create | Militia |
| 17:18 | Create | Militia |
| 17:18 | Create | Militia |
| 17:37 | Create | Militia |
| 17:37 | Create | Militia |
| 17:38 | Create | Militia |
| 17:55 | Build | House |
| 17:56 | Build | House |
| 17:57 | Build | House |
| 17:59 | Build | House |
| 18:01 | Build | House |
| 18:06 | Research | Gold Mining |
| 19:13 | Create | Militia |
| 19:13 | Create | Militia |
| 19:13 | Create | Militia |
| 19:14 | Create | Militia |
| 19:14 | Create | Militia |
| 19:14 | Create | Militia |
| 19:16 | Create | Militia |
| 19:23 | Age | Castle Age |
| 19:29 | Create | Villager (Male) |
| 19:29 | Create | Villager (Male) |
| 19:38 | Build | Town Center |
| 20:24 | Build | Lumber Camp |
| 20:43 | Research | Long Swordsman (upgrade) |
| 20:44 | Research | Gambesons |
| 21:15 | Research | Scale Mail Armor |
| 21:26 | Build | Town Center |
| 21:33 | Research | Town Watch |
| 21:39 | Create | Militia |
| 21:39 | Create | Militia |
| 21:51 | Build | Farm |
| 21:51 | Build | Farm |
| 21:52 | Build | Farm |
| 21:52 | Build | Farm |
| 21:52 | Build | Farm |
| 22:27 | Research | Pikeman (upgrade) |
| 22:46 | Build | Farm |
| 22:53 | Create | Spearman |
| 22:53 | Create | Spearman |
| 22:53 | Create | Spearman |
| 22:54 | Create | Spearman |
| 22:54 | Create | Spearman |
Build order — Shaun
First 150 of 179 actions detected
| 0:13 | Build | House |
| 0:16 | Build | House |
| 0:21 | Create | Villager (Male) |
| 0:22 | Create | Villager (Male) |
| 0:22 | Create | Villager (Male) |
| 0:23 | Create | Villager (Male) |
| 1:28 | Research | Loom |
| 1:48 | Create | Villager (Male) |
| 2:29 | Create | Villager (Male) |
| 2:30 | Create | Villager (Male) |
| 2:51 | Create | Villager (Male) |
| 3:00 | Build | Mill |
| 3:20 | Create | Villager (Male) |
| 3:42 | Create | Villager (Male) |
| 3:48 | Build | House |
| 3:50 | Build | House |
| 3:58 | Create | Villager (Male) |
| 4:07 | Create | Villager (Male) |
| 4:33 | Create | Villager (Male) |
| 4:51 | Create | Villager (Male) |
| 5:07 | Create | Villager (Male) |
| 5:11 | Create | Villager (Male) |
| 5:12 | Create | Villager (Male) |
| 5:46 | Create | Villager (Male) |
| 6:10 | Create | Villager (Male) |
| 6:11 | Create | Villager (Male) |
| 6:18 | Build | Lumber Camp |
| 6:37 | Create | Villager (Male) |
| 7:36 | Create | Villager (Male) |
| 7:55 | Create | Villager (Male) |
| 8:29 | Build | Mill |
| 8:31 | Create | Villager (Male) |
| 8:49 | Build | House |
| 9:31 | Create | Villager (Male) |
| 9:31 | Create | Villager (Male) |
| 9:40 | Build | Mining Camp |
| 9:44 | Create | Villager (Male) |
| 9:45 | Create | Villager (Male) |
| 9:54 | Create | Villager (Male) |
| 10:06 | Build | House |
| 10:07 | Build | House |
| 10:25 | Create | Villager (Male) |
| 10:26 | Create | Villager (Male) |
| 10:26 | Create | Villager (Male) |
| 10:50 | Create | Villager (Male) |
| 11:03 | Research | Feudal Age |
| 11:26 | Build | Lumber Camp |
| 11:33 | Create | Villager (Male) |
| 11:51 | Create | Villager (Male) |
| 12:38 | Create | Villager (Male) |
| 13:03 | Create | Villager (Male) |
| 13:20 | Build | Farm |
| 13:22 | Build | Farm |
| 13:22 | Age | Feudal Age |
| 13:22 | Build | Farm |
| 13:22 | Build | Farm |
| 13:22 | Build | Farm |
| 13:23 | Build | Farm |
| 13:23 | Build | Farm |
| 13:23 | Build | Farm |
| 13:23 | Build | Farm |
| 13:24 | Build | Farm |
| 13:24 | Build | Farm |
| 13:24 | Build | Farm |
| 13:28 | Create | Villager (Male) |
| 13:29 | Create | Villager (Male) |
| 13:36 | Research | Double-Bit Axe |
| 13:56 | Build | Mining Camp |
| 14:55 | Build | Barracks |
| 14:59 | Create | Villager (Male) |
| 14:59 | Create | Villager (Male) |
| 15:22 | Build | Market |
| 15:35 | Create | Spearman |
| 15:35 | Create | Spearman |
| 16:05 | Create | Villager (Male) |
| 16:15 | Build | Farm |
| 16:16 | Build | Farm |
| 16:16 | Build | Farm |
| 16:16 | Build | Farm |
| 16:16 | Build | Farm |
| 16:16 | Build | Farm |
| 16:17 | Build | Farm |
| 16:25 | Create | Spearman |
| 16:26 | Create | Spearman |
| 16:31 | Build | House |
| 16:32 | Build | House |
| 16:39 | Create | Villager (Male) |
| 16:39 | Create | Villager (Male) |
| 16:51 | Build | Farm |
| 16:57 | Create | Spearman |
| 17:05 | Create | Villager (Male) |
| 17:14 | Create | Villager (Male) |
| 17:39 | Create | Spearman |
| 17:40 | Create | Spearman |
| 17:42 | Create | Villager (Male) |
| 17:48 | Build | Blacksmith |
| 17:56 | Build | Farm |
| 17:57 | Build | Farm |
| 17:57 | Build | Farm |
| 17:57 | Build | Farm |
| 17:57 | Build | Farm |
| 17:59 | Create | Villager (Male) |
| 17:59 | Create | Villager (Male) |
| 18:06 | Create | Spearman |
| 18:15 | Create | Villager (Male) |
| 18:40 | Build | Barracks |
| 18:46 | Create | Villager (Male) |
| 18:54 | Build | House |
| 18:55 | Build | House |
| 18:55 | Build | House |
| 18:55 | Build | House |
| 18:56 | Build | House |
| 18:56 | Build | House |
| 18:57 | Build | House |
| 18:57 | Build | House |
| 18:58 | Build | House |
| 18:58 | Build | House |
| 19:04 | Create | Villager (Male) |
| 19:15 | Create | Villager (Male) |
| 19:22 | Create | Villager (Male) |
| 19:30 | Build | Farm |
| 19:30 | Build | Farm |
| 19:30 | Build | Farm |
| 19:30 | Build | Farm |
| 19:31 | Build | Farm |
| 19:36 | Create | Spearman |
| 19:37 | Create | Spearman |
| 19:53 | Build | House |
| 19:56 | Build | House |
| 19:57 | Create | Villager (Male) |
| 19:58 | Create | Villager (Male) |
| 20:08 | Build | Farm |
| 20:09 | Build | Farm |
| 20:19 | Build | House |
| 20:21 | Build | House |
| 20:23 | Build | House |
| 20:29 | Create | Villager (Male) |
| 20:30 | Create | Villager (Male) |
| 20:44 | Create | Villager (Male) |
| 20:51 | Create | Villager (Male) |
| 21:10 | Create | Villager (Male) |
| 21:19 | Research | Castle Age |
| 21:50 | Create | Spearman |
| 21:50 | Create | Spearman |
| 21:50 | Create | Spearman |
| 22:12 | Create | Spearman |
| 22:29 | Create | Spearman |
| 22:30 | Create | Spearman |
| 23:23 | Build | House |
| 23:25 | Build | House |
Build order — Dank
92 actions detected in the replay
| 0:02 | Create | Villager (Male) ×5 |
| 0:03 | Create | Villager (Male) ×5 |
| 0:05 | Build | House |
| 0:06 | Build | House |
| 1:07 | Research | Loom |
| 1:23 | Build | Mill |
| 2:33 | Create | Villager (Male) |
| 2:33 | Create | Villager (Male) |
| 2:33 | Create | Villager (Male) |
| 3:08 | Create | Villager (Male) |
| 3:09 | Create | Villager (Male) |
| 3:48 | Create | Villager (Male) |
| 3:48 | Create | Villager (Male) |
| 3:49 | Create | Villager (Male) |
| 4:31 | Build | Lumber Camp |
| 4:37 | Create | Villager (Male) |
| 4:37 | Create | Villager (Male) |
| 4:38 | Create | Villager (Male) |
| 5:02 | Build | House |
| 5:04 | Build | House |
| 5:20 | Create | Villager (Male) ×2 |
| 5:20 | Create | Villager (Male) ×2 |
| 5:24 | Build | House |
| 5:26 | Build | House |
| 6:00 | Create | Villager (Male) |
| 6:00 | Create | Villager (Male) |
| 6:01 | Create | Villager (Male) |
| 6:01 | Create | Villager (Male) |
| 6:36 | Create | Villager (Male) |
| 6:37 | Create | Villager (Male) |
| 7:13 | Build | Mining Camp |
| 8:11 | Build | Mining Camp |
| 8:39 | Create | Villager (Male) |
| 9:53 | Research | Feudal Age |
| 10:01 | Build | Barracks |
| 11:57 | Age | Feudal Age |
| 11:59 | Build | Stable |
| 12:36 | Build | Market |
| 12:40 | Create | Villager (Male) |
| 12:59 | Create | Spearman |
| 13:00 | Create | Spearman |
| 13:22 | Build | Watch Tower |
| 13:36 | Build | Watch Tower |
| 14:46 | Research | Castle Age |
| 14:53 | Build | Farm |
| 15:02 | Build | Farm |
| 15:28 | Build | Farm |
| 15:29 | Build | Farm |
| 15:47 | Build | Farm |
| 15:56 | Build | Farm |
| 16:01 | Build | House |
| 16:03 | Build | House |
| 16:35 | Build | Farm |
| 16:42 | Build | Farm |
| 17:11 | Build | Farm |
| 17:12 | Age | Castle Age |
| 17:16 | Create | Villager (Male) ×4 |
| 17:16 | Create | Villager (Male) ×4 |
| 17:35 | Build | Lumber Camp |
| 17:47 | Create | Camel Scout |
| 18:23 | Create | Villager (Male) |
| 18:24 | Create | Villager (Male) |
| 18:24 | Create | Villager (Male) |
| 18:25 | Create | Villager (Male) |
| 19:15 | Build | Town Center |
| 19:42 | Build | Farm |
| 19:55 | Create | Camel Scout |
| 19:55 | Create | Camel Scout |
| 19:56 | Create | Camel Scout |
| 19:56 | Create | Camel Scout |
| 20:03 | Build | Farm |
| 21:11 | Create | Villager (Male) ×5 |
| 21:11 | Create | Villager (Male) ×5 |
| 21:11 | Create | Villager (Male) |
| 21:52 | Build | Farm |
| 22:25 | Build | Farm |
| 22:26 | Build | Farm |
| 22:41 | Build | Castle |
| 22:52 | Build | Farm |
| 23:02 | Create | Villager (Male) ×5 |
| 23:03 | Create | Villager (Male) ×5 |
| 23:03 | Create | Villager (Male) ×3 |
| 23:24 | Build | Farm |
| 23:35 | Build | House |
| 23:37 | Build | House |
| 23:38 | Build | House |
| 23:55 | Build | Farm |
| 24:42 | Build | University |
| 24:54 | Create | Villager (Male) ×5 |
| 24:54 | Create | Villager (Male) ×5 |
| 24:54 | Create | Villager (Male) ×5 |
| 24:55 | Create | Villager (Male) |
Build order — Triceratops
92 actions detected in the replay
| 0:03 | Create | Villager (Male) ×4 |
| 0:05 | Build | House |
| 0:08 | Build | House |
| 1:19 | Create | Villager (Male) |
| 1:53 | Build | Lumber Camp |
| 2:04 | Create | Villager (Male) |
| 2:35 | Create | Villager (Male) |
| 3:06 | Create | Villager (Male) |
| 3:36 | Create | Villager (Male) |
| 3:45 | Build | House |
| 3:51 | Build | House |
| 3:57 | Create | Villager (Male) |
| 4:23 | Create | Villager (Male) ×2 |
| 4:48 | Build | Mill |
| 5:17 | Create | Villager (Male) ×2 |
| 5:53 | Create | Villager (Male) |
| 6:19 | Create | Villager (Male) ×2 |
| 8:01 | Research | Feudal Age |
| 9:16 | Build | Barracks |
| 9:24 | Build | House |
| 9:26 | Build | House |
| 9:28 | Build | House |
| 9:41 | Build | Palisade Wall |
| 10:04 | Create | Villager (Male) |
| 10:05 | Create | Villager (Male) |
| 10:11 | Age | Feudal Age |
| 10:16 | Build | Stable |
| 10:32 | Research | Double-Bit Axe |
| 10:35 | Research | Horse Collar |
| 10:45 | Research | Loom |
| 10:47 | Create | Villager (Male) |
| 11:12 | Create | Scout Cavalry |
| 11:16 | Build | Farm |
| 11:17 | Build | Farm |
| 11:17 | Build | Farm |
| 11:17 | Build | Farm |
| 11:17 | Build | Farm |
| 11:18 | Build | Farm |
| 11:40 | Build | Farm |
| 11:42 | Create | Villager (Male) ×4 |
| 11:45 | Build | Farm |
| 12:03 | Create | Scout Cavalry |
| 12:22 | Create | Scout Cavalry |
| 12:30 | Build | Lumber Camp |
| 12:36 | Build | Farm |
| 12:45 | Build | Farm |
| 12:56 | Create | Villager (Male) |
| 14:58 | Create | Villager (Male) ×5 |
| 15:08 | Build | Mining Camp |
| 15:56 | Create | Scout Cavalry |
| 16:06 | Build | Mill |
| 16:07 | Build | Farm |
| 16:08 | Build | Farm |
| 16:08 | Build | Farm |
| 16:08 | Build | Farm |
| 16:09 | Build | Farm |
| 16:09 | Build | Farm |
| 16:09 | Build | Farm |
| 16:09 | Build | Farm |
| 16:10 | Build | Farm |
| 16:10 | Build | Farm |
| 16:22 | Build | Mining Camp |
| 16:26 | Build | Mining Camp |
| 17:46 | Build | House |
| 17:47 | Build | House |
| 17:49 | Build | House |
| 18:14 | Build | Blacksmith |
| 18:34 | Build | Stable |
| 18:42 | Research | Castle Age |
| 18:48 | Create | Scout Cavalry ×5 |
| 18:59 | Research | Scale Barding Armor |
| 21:09 | Create | Villager (Male) |
| 21:09 | Create | Villager (Male) |
| 21:10 | Create | Villager (Male) |
| 21:22 | Age | Castle Age |
| 21:58 | Research | Pikeman (upgrade) |
| 21:59 | Research | Squires |
| 22:01 | Research | Arson |
| 22:04 | Build | Barracks |
| 22:07 | Build | Barracks |
| 22:17 | Build | Barracks |
| 22:34 | Build | Palisade Wall |
| 22:39 | Build | Stone Wall |
| 23:18 | Research | Husbandry |
| 23:19 | Create | Knight ×5 |
| 23:34 | Build | Town Center |
| 23:50 | Build | Town Center |
| 23:55 | Research | Bow Saw |
| 24:35 | Create | Villager (Male) ×5 |
| 24:37 | Research | Town Watch |
| 25:05 | Create | Knight ×2 |
| 25:09 | Create | Spearman ×3 |
Build order — emmanuelsanchez91218
91 actions detected in the replay
| 0:05 | Create | Villager (Male) |
| 0:05 | Create | Villager (Male) |
| 0:19 | Build | House |
| 0:25 | Build | House |
| 0:55 | Create | Villager (Male) |
| 0:56 | Create | Villager (Male) |
| 1:39 | Create | Villager (Male) |
| 2:19 | Create | Villager (Male) |
| 2:33 | Create | Villager (Male) |
| 3:07 | Create | Villager (Male) |
| 3:17 | Create | Villager (Male) |
| 3:33 | Build | House |
| 3:56 | Build | Lumber Camp |
| 4:01 | Create | Villager (Male) |
| 4:02 | Create | Villager (Male) |
| 4:42 | Create | Villager (Male) |
| 4:43 | Create | Villager (Male) |
| 6:12 | Create | Villager (Male) |
| 6:13 | Create | Villager (Male) |
| 6:24 | Create | Villager (Male) |
| 6:32 | Build | House |
| 6:48 | Build | House |
| 6:56 | Build | Mill |
| 7:34 | Create | Villager (Male) |
| 7:34 | Create | Villager (Male) |
| 8:14 | Create | Villager (Male) |
| 8:14 | Create | Villager (Male) |
| 8:35 | Build | House |
| 9:03 | Build | House |
| 9:17 | Create | Villager (Male) |
| 9:17 | Create | Villager (Male) |
| 9:17 | Create | Villager (Male) |
| 9:32 | Build | Farm |
| 9:34 | Build | Farm |
| 9:36 | Build | Farm |
| 9:46 | Create | Villager (Male) |
| 9:47 | Create | Villager (Male) |
| 10:30 | Build | Farm |
| 10:54 | Research | Feudal Age |
| 12:28 | Create | Villager (Male) ×5 |
| 13:11 | Build | Farm |
| 13:14 | Age | Feudal Age |
| 13:15 | Build | Farm |
| 13:16 | Build | Farm |
| 13:18 | Build | Farm |
| 13:28 | Research | Horse Collar |
| 13:47 | Build | Mining Camp |
| 14:04 | Build | Blacksmith |
| 14:10 | Build | Market |
| 14:19 | Build | House |
| 14:22 | Build | House |
| 14:25 | Build | House |
| 15:09 | Create | Villager (Male) |
| 15:10 | Create | Villager (Male) |
| 15:12 | Create | Villager (Male) |
| 15:25 | Build | Farm |
| 15:26 | Build | Farm |
| 15:27 | Build | Farm |
| 15:28 | Build | Farm |
| 15:37 | Build | Farm |
| 15:48 | Build | Farm |
| 16:15 | Build | Farm |
| 16:23 | Create | Villager (Male) |
| 16:23 | Create | Villager (Male) |
| 16:28 | Create | Villager (Male) |
| 16:28 | Create | Villager (Male) |
| 17:32 | Build | Palisade Wall |
| 17:45 | Research | Castle Age |
| 18:26 | Research | Double-Bit Axe |
| 18:53 | Research | Gold Mining |
| 19:37 | Build | Barracks |
| 20:14 | Build | House |
| 20:18 | Build | House |
| 20:24 | Build | House |
| 20:42 | Age | Castle Age |
| 21:03 | Create | Villager (Male) |
| 21:03 | Create | Villager (Male) |
| 21:03 | Create | Villager (Male) |
| 22:13 | Create | Villager (Male) |
| 22:13 | Create | Villager (Male) |
| 23:10 | Build | Barracks |
| 23:26 | Create | Spearman |
| 23:27 | Create | Spearman |
| 23:27 | Create | Spearman |
| 23:27 | Create | Spearman |
| 23:39 | Build | Archery Range |
| 23:40 | Build | Archery Range |
| 24:02 | Create | Villager (Male) ×5 |
| 24:17 | Create | Spearman |
| 24:18 | Create | Spearman |
| 24:18 | Create | Spearman |
Build order — Disturbed Peanut
115 actions detected in the replay
| 0:01 | Create | Villager (Male) |
| 0:02 | Research | Loom |
| 0:03 | Create | Villager (Male) |
| 0:05 | Build | House |
| 0:25 | Build | House |
| 0:27 | Build | House |
| 0:28 | Build | House |
| 0:32 | Create | Villager (Male) |
| 0:46 | Create | Villager (Male) |
| 1:39 | Create | Villager (Male) |
| 1:40 | Create | Villager (Male) |
| 2:39 | Create | Villager (Male) |
| 2:39 | Create | Villager (Male) |
| 3:05 | Create | Villager (Male) |
| 3:05 | Create | Villager (Male) |
| 3:09 | Create | Villager (Male) |
| 3:43 | Create | Villager (Male) |
| 3:43 | Create | Villager (Male) |
| 3:43 | Create | Villager (Male) |
| 4:46 | Create | Villager (Male) |
| 4:47 | Create | Villager (Male) |
| 5:13 | Build | Lumber Camp |
| 5:27 | Create | Villager (Male) |
| 6:10 | Create | Villager (Male) |
| 6:33 | Build | Mill |
| 7:00 | Create | Villager (Male) |
| 7:01 | Create | Villager (Male) |
| 7:43 | Create | Villager (Male) |
| 8:04 | Create | Villager (Male) |
| 8:04 | Create | Villager (Male) |
| 8:38 | Create | Villager (Male) |
| 8:49 | Create | Villager (Male) |
| 9:38 | Research | Feudal Age |
| 9:49 | Build | House |
| 9:52 | Build | House |
| 9:53 | Build | House |
| 9:54 | Build | House |
| 10:08 | Build | Mining Camp |
| 10:15 | Build | Mining Camp |
| 10:20 | Create | Villager (Male) ×5 |
| 11:03 | Create | Villager (Male) |
| 11:09 | Build | Barracks |
| 11:51 | Age | Feudal Age |
| 11:59 | Research | Double-Bit Axe |
| 12:01 | Research | Horse Collar |
| 12:26 | Build | Stone Wall |
| 12:29 | Build | Stone Wall |
| 12:33 | Build | Building 487 |
| 12:45 | Build | Farm |
| 12:46 | Build | Farm |
| 12:47 | Build | Farm |
| 12:49 | Build | Farm |
| 12:50 | Build | Farm |
| 12:52 | Build | Farm |
| 12:53 | Build | Farm |
| 12:55 | Build | Farm |
| 12:58 | Build | Farm |
| 13:08 | Research | Wheelbarrow |
| 13:45 | Build | Stone Wall |
| 14:11 | Create | Villager (Male) ×5 |
| 14:19 | Build | Stable |
| 14:52 | Build | Building 487 |
| 15:18 | Create | Scout Cavalry |
| 15:22 | Build | Farm |
| 15:31 | Build | Blacksmith |
| 15:39 | Build | Farm |
| 15:43 | Build | Farm |
| 15:46 | Create | Villager (Male) |
| 15:53 | Create | Scout Cavalry |
| 16:32 | Build | Stone Wall |
| 16:39 | Build | Building 487 |
| 16:53 | Create | Scout Cavalry |
| 16:55 | Create | Villager (Male) |
| 17:04 | Research | Forging |
| 17:18 | Build | Stone Wall |
| 17:28 | Build | Building 487 |
| 17:43 | Create | Scout Cavalry |
| 18:05 | Research | Scale Barding Armor |
| 18:07 | Create | Villager (Male) |
| 18:08 | Create | Villager (Male) |
| 18:16 | Build | Farm |
| 18:17 | Build | Farm |
| 19:01 | Build | Farm |
| 19:03 | Build | Farm |
| 19:04 | Build | Farm |
| 19:05 | Build | Farm |
| 19:08 | Create | Villager (Male) |
| 19:09 | Create | Villager (Male) |
| 19:34 | Build | Farm |
| 20:15 | Research | Castle Age |
| 20:44 | Create | Scout Cavalry |
| 20:48 | Research | Bloodlines |
| 20:52 | Build | House |
| 20:53 | Build | House |
| 21:37 | Create | Villager (Male) |
| 21:48 | Build | Stone Wall |
| 21:52 | Build | Building 487 |
| 22:43 | Create | Villager (Male) |
| 22:55 | Age | Castle Age |
| 23:06 | Research | Light Cavalry (upgrade) |
| 23:07 | Research | Husbandry |
| 23:18 | Build | Monastery |
| 23:26 | Build | Town Center |
| 23:32 | Create | Villager (Male) |
| 23:33 | Create | Villager (Male) |
| 23:33 | Create | Villager (Male) |
| 23:37 | Research | Hand Cart |
| 23:40 | Research | Heavy Plow |
| 23:41 | Research | Bow Saw |
| 23:46 | Build | Farm |
| 23:54 | Build | Stable |
| 24:56 | Create | Villager (Male) ×5 |
| 24:59 | Research | Gold Mining |
| 25:00 | Research | Stone Mining |
| 25:03 | Build | Farm |
Build order — Onriosh
64 actions detected in the replay
| 0:17 | Create | Villager (Male) |
| 0:17 | Create | Villager (Male) |
| 0:18 | Create | Villager (Male) |
| 0:18 | Create | Villager (Male) |
| 2:02 | Create | Villager (Male) |
| 2:04 | Create | Villager (Male) |
| 2:07 | Research | Loom |
| 2:46 | Create | Villager (Male) |
| 2:46 | Create | Villager (Male) |
| 3:14 | Create | Villager (Male) |
| 3:14 | Create | Villager (Male) |
| 3:15 | Create | Villager (Male) |
| 3:25 | Build | Mill |
| 3:45 | Create | Villager (Male) |
| 3:45 | Create | Villager (Male) |
| 4:43 | Create | Villager (Male) |
| 4:43 | Create | Villager (Male) |
| 5:20 | Create | Villager (Male) |
| 5:20 | Create | Villager (Male) |
| 5:20 | Create | Villager (Male) |
| 6:23 | Create | Villager (Male) |
| 6:23 | Create | Villager (Male) |
| 6:23 | Create | Villager (Male) |
| 6:24 | Create | Villager (Male) |
| 6:24 | Create | Villager (Male) |
| 6:25 | Create | Villager (Male) |
| 6:25 | Create | Villager (Male) |
| 6:25 | Create | Villager (Male) |
| 6:43 | Build | Lumber Camp |
| 7:43 | Create | Villager (Male) |
| 7:44 | Create | Villager (Male) |
| 7:44 | Create | Villager (Male) |
| 8:56 | Create | Villager (Male) |
| 9:32 | Create | Villager (Male) |
| 9:33 | Create | Villager (Male) |
| 9:48 | Build | Mill |
| 9:57 | Create | Villager (Male) |
| 9:58 | Research | Feudal Age |
| 10:11 | Build | Barracks |
| 10:50 | Create | Villager (Male) ×5 |
| 11:05 | Research | Loom |
| 11:12 | Create | Villager (Male) ×5 |
| 11:27 | Build | Mining Camp |
| 11:52 | Build | Mining Camp |
| 12:04 | Build | Farm |
| 12:04 | Build | Farm |
| 12:04 | Build | Farm |
| 12:05 | Build | Farm |
| 12:05 | Build | Farm |
| 12:05 | Build | Farm |
| 12:05 | Build | Farm |
| 12:06 | Build | Farm |
| 12:09 | Age | Feudal Age |
| 13:13 | Build | Farm |
| 13:13 | Build | Farm |
| 14:02 | Create | Spearman |
| 14:02 | Create | Spearman |
| 15:37 | Create | Spearman |
| 15:37 | Create | Spearman |
| 17:11 | Build | Farm |
| 17:11 | Build | Farm |
| 17:11 | Build | Farm |
| 17:12 | Build | Farm |
| 17:12 | Build | Farm |
Match timeline
| 6:32 | gazza17 · first_building Barracks |
| 9:16 | Triceratops · first_building Barracks |
| 9:41 | Triceratops · wall_segment Palisade Wall x6 |
| 10:01 | Dank · first_building Barracks |
| 10:11 | Onriosh · first_building Barracks |
| 10:11 | Triceratops · age_up feudal |
| 10:16 | gazza17 · age_up feudal |
| 10:16 | Triceratops · first_building Stable |
| 10:44 | gazza17 · first_building Stable |
| 11:09 | Disturbed Peanut · first_building Barracks |
| 11:13 | Pestilenz666 · age_up feudal |
| 11:51 | Disturbed Peanut · age_up feudal |
| 11:57 | Dank · age_up feudal |
| 11:59 | Dank · first_building Stable |
| 12:09 | Onriosh · age_up feudal |
| 12:26 | Disturbed Peanut · wall_segment Stone Wall x9 |
| 12:29 | Disturbed Peanut · wall_segment Stone Wall x23 |
| 13:14 | emmanuelsanchez91218 · age_up feudal |
| 13:22 | Shaun · age_up feudal |
| 13:45 | Disturbed Peanut · wall_segment Stone Wall x14 |
| 14:17 | Dank · first_market_buy 500 food |
| 14:19 | Disturbed Peanut · first_building Stable |
| 14:20 | Dank · first_market_sell 500 stone |
| 14:55 | Shaun · first_building Barracks |
| 15:08 | Pestilenz666 · first_building Barracks |
| 16:32 | Disturbed Peanut · wall_segment Stone Wall x11 |
| 17:12 | Dank · age_up castle |
| 17:18 | Disturbed Peanut · wall_segment Stone Wall x15 |
| 17:32 | emmanuelsanchez91218 · wall_segment Palisade Wall x11 |
| 17:55 | gazza17 · wall_segment Palisade Wall x8 |
| 18:04 | gazza17 · wall_segment Palisade Wall x13 |
| 19:07 | Pestilenz666 · first_market_sell 100 food |
| 19:23 | Pestilenz666 · age_up castle |
| 19:36 | gazza17 · age_up castle |
| 19:37 | emmanuelsanchez91218 · first_building Barracks |
| 19:52 | gazza17 · first_building Monastery |
| 20:15 | Onriosh · resign |
| 20:42 | emmanuelsanchez91218 · age_up castle |
| 21:22 | Triceratops · age_up castle |
| 21:48 | Disturbed Peanut · wall_segment Stone Wall x6 |
| 22:34 | Triceratops · wall_segment Palisade Wall x12 |
| 22:39 | Triceratops · wall_segment Stone Wall x14 |
| 22:41 | Dank · first_building Castle |
| 22:55 | Disturbed Peanut · age_up castle |
| 23:18 | Disturbed Peanut · first_building Monastery |
| 23:39 | emmanuelsanchez91218 · first_building Archery Range |
| 24:20 | gazza17 · wall_segment Palisade Wall x1 |
| 24:22 | Shaun · age_up castle |
| 24:23 | gazza17 · wall_segment Palisade Wall x1 |
| 24:25 | gazza17 · wall_segment Palisade Wall x1 |
| 24:38 | gazza17 · wall_segment Palisade Wall x1 |
[ AI ANALYSIS · 1 CREDIT ]
What really happened in this match?
Wolo.gg analyzes every decision: build order, eco, micro, common mistakes by bracket. Personalized analysis on WhatsApp or Discord in 30 seconds.
Civ guide
Lithuanians
Map guide
Arabia
Perfil
gazza17